 Dungeon Crawl Stone Soup version 0.30.0-10-gfe55d96785 (webtiles) character file.

Game seed: 4775623773567954485

18 monsoonserge the Shield-Bearer (level 3, 0/33 HPs)
             Began as a Meteoran Fighter on May 15, 2023.
             Slain by Crazy Yiuf
             ... wielding a +3 quarterstaff of chaos
              (15 damage)
             ... on level 2 of the Dungeon.
             The game lasted 00:01:56 (279 turns).

monsoonserge the Shield-Bearer (Meteoran Fighter)    Turns: 279, Time: 00:01:57

Health: 0/33       AC:  8    Str: 19    XL:     3   Next: 8%
Magic:  4/4        EV:  9    Int:  9    God:
Gold:   40         SH:  5    Dex: 16    Spells: 2/2 levels left

rFire   . . .        o - +0 hammer of the Freezing Gnat {drain, Dex+2}
rCold   . . .        c - +0 buckler
rNeg    . . .        b - +0 scale mail
rPois   .            (no helmet)
rElec   .            (no cloak)
rCorr   .            (no gloves)
SInv    .            n - +0 pair of boots
Will    .....        (no amulet) Stlth
                     (no ring)
HPRegen 0.25/turn    (no ring)
MPRegen 0.09/turn

%: no passive effects
@: glowing
A: sense surroundings 1, otherworldly, glowing, explore regen
a: no special abilities


You were on level 2 of the Dungeon.
You visited 1 branch of the dungeon, and saw 3 of its levels.

You collected 40 gold pieces.

Inventory:

Hand Weapons
 a - a +0 flail
 o - the +0 hammer of the Freezing Gnat (weapon) {drain, Dex+2}
   (You found it on level 2 of the Dungeon)

   Dex:       It affects your dexterity (+2).
Armour
 b - a +0 scale mail (worn)
 c - a +0 buckler (worn)
 n - a +0 pair of boots (worn)
Scrolls
 e - a scroll of poison {unknown}
 f - a scroll of amnesia {unknown}
 g - 2 scrolls of enchant weapon {unknown}
 h - a scroll of noise {unknown}
 i - 2 scrolls of identify {unknown}
 k - a scroll of vulnerability {unknown}
Potions
 d - a potion of might
 j - a potion of mutation {unknown}
 l - a potion of attraction {unknown}
 m - a potion of invisibility {unknown}


   Skills:
 + Level 3.6 Fighting
 + Level 2.9 Maces & Flails
 + Level 4.0 Armour
 - Level 4.0 Shields


You had 2 spell levels left.
You didn't know any spells.
Your spell library was empty.

Dungeon Overview and Level Annotations

Branches:
Dungeon (3/15) Zot: 1503

Altars:
Kikubaaqudgha

Annotations:
D:2 Crazy Yiuf


Innate Abilities, Weirdness & Mutations

You passively map a small area around you.
You are easily found by Zot.
You glow in the dark.
You regain HP and MP as you explore.


Message History

You finish putting on your +0 pair of boots.
There is a stone staircase leading down here.
You climb downwards.
Found an escape hatch in the floor.
There is a stone staircase leading up here.
You climb upwards.
There is a stone staircase leading down here.
Found two hammers.
Found six hammers and a twisted hammer.
Found a hammer and a warped hammer.
You see here a +0 hammer.
You see here a +0 hammer.
You see here a +0 hammer.
You see here the +0 hammer of the Freezing Gnat {drain, Dex+2}.
o - the +0 hammer of the Freezing Gnat {drain, Dex+2} You see here a +0 hammer.
You see here the +3 hammer of the Piercing Ancients {flame, *Slow rC- SInv Stlth+}.
Unknown command.
You feel agile.
You sense an unholy aura.
o - the +0 hammer of the Freezing Gnat (weapon)
{drain, Dex+2} You see here a +0 hammer.
Found a hammer.
Found a runed translucent door.
You open the door. You hit Crazy Yiuf.
Crazy Yiuf is lightly wounded.
Crazy Yiuf closely misses you.
You hit Crazy Yiuf. You drain Crazy Yiuf.
Crazy Yiuf is moderately wounded.
Crazy Yiuf hits you with a +3 quarterstaff of chaos!
You barely miss Crazy Yiuf.
Crazy Yiuf is moderately wounded.
Crazy Yiuf hits you with a +3 quarterstaff of chaos.
Crazy Yiuf cries, "Pitchfork wrapper cower!"
Crazy Yiuf hits you but does no damage.
You hit Crazy Yiuf. You drain Crazy Yiuf.
Crazy Yiuf is heavily wounded.
Crazy Yiuf glowers.
Crazy Yiuf hits you but does no damage.
You are electrocuted!
You die...

###### * ###
##)#))# ###..)#
#..)).#####@g...#
#.))))).#..##...#
#.##)).#.### ###
######..#######
....>#..#
...(....###########
..)..........#....#
.............#....#
>.................#


You could see Crazy Yiuf (very drained).

Vanquished Creatures
  A dart slug (D:1)
  4 giant cockroaches
  2 hobgoblins (D:1)
  A quokka (D:1)
  A ball python (D:1)
  A bat (D:1)
  A frilled lizard (D:1)
  3 kobolds
  2 rats
16 creatures vanquished.

Notes
Turn   | Place    | Note
-------+----------+-------------------------------------------
     0 | D:1      | monsoonserge the Meteoran Fighter began the quest for the
                  | Orb.
     0 | D:1      | Reached XP level 1. HP: 19/19 MP: 2/2
    56 | D:1      | Reached XP level 2. HP: 26/26 MP: 3/3
   162 | D:1      | Reached XP level 3. HP: 33/33 MP: 4/4
   170 | D:2      | Found an ancient bone altar of Kikubaaqudgha.
   264 | D:2      | Identified the +0 hammer of the Freezing Gnat {drain,
                  | Dex+2}
   267 | D:2      | Identified the +3 hammer of the Piercing Ancients {flame,
                  | *Slow rC- SInv Stlth+}
   271 | D:2      | Found a runed translucent door.
   272 | D:2      | Noticed Crazy Yiuf
   279 | D:2      | Slain by Crazy Yiuf

Illustrated notes

Levels and vault maps discovered:
D:1:      dpeg_arrival_brainrot, layout_basic
D:2:      wander_river, layout_rooms, basic_altar, minmay_close_crescents,
          uniq_crazy_yiuf_cottage
D:3:      layout_basic, nicolae_ecumenical_lake_church,
          kennysheep_cross_bottleneck, st_stairs_8, uniq_natasha, uniq_ijyb

Skill      XL: |  1  2  3 |
---------------+----------+-----
Shields        | 4 |  4.0
Armour         | 4 |  4.0
Fighting       | |  3.6
Maces & Flails | |  2.9

Action                     || total
---------------------------++-------
  Melee: Flail             ||    51
         Mace              ||     4
 Armour: Scale mail        ||    28
  Dodge: Dodged            ||    21
  Block: Buckler           ||    11
